 Dungeon Crawl Stone Soup version 0.30.0-29-ga12c61a403 (webtiles) character file.

Game seed: 17403878436263105195

250 Descartes the Trooper (level 6, -2/48 HPs)
             Began as a Formicid Wanderer on June 21, 2023.
             Killed from afar by an orc wizard (5 damage)
             ... with a magic dart
             ... on level 4 of the Dungeon.
             The game lasted 00:08:44 (5253 turns).

Descartes the Trooper (Formicid Wanderer)           Turns: 5253, Time: 00:08:45

Health: -2/48      AC:  4    Str: 16    XL:     6   Next: 35%
Magic:  2/9        EV: 11    Int: 14    God:
Gold:   181        SH:  0    Dex: 13    Spells: 8/9 levels left

rFire   + . .        x - staff of fire
rCold   . . .        (no shield)
rNeg    . . .        c - +0 robe
rPois   .            (helmet unavailable)
rElec   .            (no cloak)
rCorr   .            (no gloves)
SInv    +            m - +1 pair of boots
Will    .....        (no amulet)
Stlth   ++           (no ring)
HPRegen 0.28/turn    (no ring)
MPRegen 0.11/turn

%: no passive effects
@: no status effects
A: permanent stasis, dig shafts and tunnels, antennae 3, four strong arms
a: Dig, Shaft Self


You were on level 4 of the Dungeon.
You visited 1 branch of the dungeon, and saw 4 of its levels.

You collected 181 gold pieces.

Inventory:

Hand Weapons
 a - a +0 club
 i - a +0 dagger
 t - a +1 dagger of venom
Armour
 c - a +0 robe (worn)
 m - a +1 pair of boots (worn)
Magical Staves
 x - a staff of fire (weapon)
Wands
 s - a wand of paralysis (1)
Scrolls
 b - a scroll of fog
 e - a scroll of brand weapon {unknown}
 j - 2 scrolls of noise {unknown}
 k - 3 scrolls of identify {unknown}
 n - 2 scrolls of fear {unknown}
 o - a scroll of silence {unknown}
 p - a scroll of teleportation {unknown}
 w - a scroll of blinking {unknown}
Potions
 d - a potion of mutation
 f - 2 potions of resistance {unknown}
 g - a potion of heal wounds {unknown}
 h - 2 potions of might {unknown}
 l - a potion of degeneration {unknown}
 q - 2 potions of flight {unknown}
 r - a potion of berserk rage {unknown}
 u - 3 potions of brilliance {unknown}
 v - a potion of magic {unknown}


   Skills:
 + Level 4.1 Fighting
 + Level 2.3 Armour
 - Level 2.4 Stealth
 + Level 2.6 Shields
 + Level 2.4 Spellcasting
 + Level 3.1 Fire Magic
 - Level 1.5 Air Magic
 + Level 2.4 Earth Magic
 + Level 0.7 Evocations


You had 8 spell levels left.
You knew the following spells:

 Your Spells              Type           Power      Damage    Failure   Level
a - Foxfire               Conj/Fire      36%        2x1d5     12%         1

Your spell library contained the following spells:

 Spells                   Type           Power      Damage    Failure   Level
 Shock                    Conj/Air       12%        1d3       17%         1
 Beastly Appendage        Tmut           2%         N/A       22%         1
 Freeze                   Ice            4%         1d3       22%         1
 Static Discharge         Conj/Air       6%         2-3/arc   26%         2
 Wereblood                Tmut           1%         N/A       34%         2
 Ignite Poison            Fire/Tmut/Pois 6%         N/A       41%         3
 Frozen Ramparts          Ice            2%         1d1       56%         3
 Hailstorm                Conj/Ice       1%         3d3       56%         3
 Ozocubu's Armour         Ice            1%         N/A       56%         3
 Spider Form              Tmut/Pois      1%         N/A       56%         3
 Summon Lightning Spire   Summ/Air       3%         N/A       86%         4
 Ozocubu's Refrigeration  Ice            0%         4d7       100%        7


Dungeon Overview and Level Annotations

Branches:
Dungeon (4/15)
 Temple: D:4-7

Altars:
Kikubaaqudgha

Shops:
D:4 =


Innate Abilities, Weirdness & Mutations

You cannot be hasted, slowed, berserked, paralysed or teleported.
You can dig through walls and to a lower floor.
You have a pair of large antennae on your head. (SInv)
Your four strong arms can wield two-handed weapons with a shield.


Message History

You feel a surge of power!
You miscast Foxfire.
You are very lightly contaminated with residual magic.
Nothing appears to happen.
The orc wizard casts a spell at you. The puff of flame misses you.
Casting: Foxfire (safe; 12% risk of failure)
Confirm with . or Enter, or press ? or * to list all spells.
You feel a surge of power!
You conjure some foxfire!
The foxfire hits the orc wizard but does no damage.
The orc wizard is heavily wounded.
The foxfire hits the orc wizard but does no damage.
The orc wizard is heavily wounded.
You barely miss the orc wizard.
The orc wizard is heavily wounded.
The orc wizard hits you with a +0 dagger.
You hit the orc wizard.
The orc wizard is severely wounded.
The orc wizard casts a spell at you. The magic dart hits you.
* * * LOW HITPOINT WARNING * * *
You hit the orc wizard.
The orc wizard is almost dead.
You barely miss the orc wizard.
The orc wizard is almost dead.
The orc wizard hits you but does no damage.
Your magical contamination has completely faded away.
You barely miss the orc wizard.
The orc wizard is almost dead.
The orc wizard completely misses you.
The orc wizard points at you and mumbles some strange words.
The magic dart hits you!
* * * LOW HITPOINT WARNING * * *
The orc wizard hits you but does no damage.
You closely miss the orc wizard.
The orc wizard is almost dead.
The orc wizard hits you with a +0 dagger.
* * * LOW HITPOINT WARNING * * *
The orc wizard points at you and mumbles some strange words.
The magic dart hits you.
You die...

#.# #.......# #.#
#.).....# #.#
#.......# #.#
#.......# #.#
######### #.#
###### #.# #....#
#o#######....#####
#@oo....'.........
#########....#####
#......#.........
#...........#####
#..###.........{o
#......#.#.######
##.###.#.#.#
#.###.#.#.#
#.##..#.#.#


You could see 2 orc wizards and an orc.

Vanquished Creatures
  An orc priest (D:2)
  An iguana (D:4)
  2 orc wizards
  2 gnolls
  5 adders
  A worm (D:3)
  A dart slug (D:2)
  10 orcs
  4 endoplasms
  2 giant cockroaches
  4 goblins
  4 hobgoblins
  4 quokkas
  7 ball pythons
  6 bats
  3 frilled lizards
  10 kobolds
  4 rats
71 creatures vanquished.

Vanquished Creatures (others)
  379 foxfires
379 creatures vanquished.

Grand Total: 450 creatures vanquished

Notes
Turn   | Place    | Note
-------+----------+-------------------------------------------
     0 | D:1      | Descartes the Formicid Wanderer began the quest for the
                  | Orb.
     0 | D:1      | Descartes set off with the following items: a +0 club, a
                  | scroll of fog, a +0 robe, a potion of mutation; and the
                  | following spells available to memorise: Foxfire, Shock,
                  | Static Discharge, Ignite Poison, Summon Lightning Spire.
     0 | D:1      | Reached XP level 1. HP: 18/18 MP: 2/2
     2 | D:1      | Learned a level 1 spell: Foxfire
    64 | D:1      | Reached XP level 2. HP: 15/24 MP: 0/3
   580 | D:1      | Reached skill level 1 in Shields
   915 | D:2      | Reached XP level 3. HP: 29/29 MP: 0/5
  1061 | D:2      | Reached skill level 1 in Earth Magic
  1531 | D:2      | Reached skill level 1 in Armour
  2217 | D:3      | Reached XP level 4. HP: 37/37 MP: 0/6
  2880 | D:3      | Found an ancient bone altar of Kikubaaqudgha.
  3192 | D:2      | Reached XP level 5. HP: 13/42 MP: 0/8
  3580 | D:3      | Reached skill level 4 in Fighting
  4260 | D:4      | Found Ydghats's Jewellery Shoppe.
  4861 | D:4      | Reached XP level 6. HP: 5/48 MP: 2/9
  5253 | D:4      | Killed from afar by an orc wizard

Illustrated notes

Levels and vault maps discovered:
D:1:      shiori_arrival_oz, layout_basic
D:2:      layout_basic
D:3:      layout_loops_corners, lemuel_tele_altar
D:4:      layout_basic, serial_shops, shop

Skill      XL: |  1  2  3  4  5 |
---------------+----------------+-----
Shields        | 1 2 |  2.6
Earth Magic    | 1 2 |  2.4
Armour         | 1 2 |  2.3
Spellcasting   | 2 |  2.4
Fighting       | 4 |  4.1
Fire Magic     | 3 |  3.1
Stealth        | |  2.4
Air Magic      | |  1.5
Evocations     | |  0.7

Action                     |  1- 3 |  4- 6 || total
---------------------------+-------+-------++-------
  Melee: Club              |     1 |       ||     1
         Dagger            |     1 |    28 ||    29
         Staff             |       |    20 ||    20
   Cast: Foxfire           |    79 |   146 ||   225
   Stab: Sleeping          |     1 |       ||     1
 Armour: Robe              |     6 |    22 ||    28
  Dodge: Dodged            |    15 |    61 ||    76
